 Dungeon Crawl Stone Soup version 0.29.1-15-g9cfb28693d (webtiles) character file.

Game seed: 10479371639960869601

25134 bnorton916 the Destroyer (level 13, -4/63 HPs)
             Began as a Gargoyle Earth Elementalist on Apr 28, 2023.
             Was an Initiate of Gozag.
             Slain by a komodo dragon (18 damage)
             ... on level 4 of the Lair of Beasts.
             The game lasted 00:46:00 (31104 turns).

bnorton916 the Destroyer (GrEE)                    Turns: 31104, Time: 00:46:01

Health: -4/63      AC: 19    Str: 13    XL:     13   Next: 17%
Magic:  24/24      EV: 11    Int: 29    God:    Gozag
Gold:   1091       SH:  8    Dex: 13    Spells: 6/27 levels left

rFire   + . .      SeeInvis .   m - +2 whip (elec)
rCold   . . .      Faith    .   P - +3 warlock's mirror {reflect}
rNeg    + . .      Spirit   .   (no body armour)
rPois   ∞          Reflect  +   Q - +2 helmet "Fenof" {rCorr Int+3 Dex+3}
rElec   +          Harm     .   Y - +1 cloak {Stlth+}
rCorr   +          Rampage  .   c - +1 pair of gloves
Will    .....                   x - +2 pair of boots
Stlth   +++.......              e - amulet of the acrobat
HPRegen 0.20/turn               M - +6 ring of intelligence
MPRegen 0.19/turn               U - ring of protection from fire

@: no status effects
A: sickness immunity, AC +9, negative energy resistance 1, electricity
resistance, torment resistance 1, petrification resistance
a: Renounce Religion, Potion Petition, Call Merchant, Bribe Branch


You were on level 4 of the Lair of Beasts.
You worshipped Gozag.
Gozag was most pleased with you.
You visited 3 branches of the dungeon, and saw 15 of its levels.

You collected 2278 gold pieces.
You spent 1042 gold pieces at shops.
You paid 145 gold pieces to Gozag.

Inventory:

Hand Weapons
 i - a +0 mace
 j - a +3 dagger of holy wrath
 m - a +2 whip of electrocution (weapon)
 r - a +0 hand axe of electrocution
 v - a +0 scimitar of flaming
 R - the +6 great sword of Psychosis {speed, Will+ Stlth+}
   (You found it on level 1 of the Lair of Beasts)

   Attacks with this weapon are significantly faster.
   Will:      It increases your willpower.
   Stlth:     It makes you more stealthy.
Missiles
 K - 5 silver boomerangs (quivered)
 L - 9 throwing nets
Armour
 c - a +1 pair of gloves (worn)
 f - a +0 robe of cold resistance
 h - a +1 scale mail of willpower
 x - a +2 pair of boots (worn)
 I - a +1 leather armour of cold resistance
 J - a +2 robe of willpower
 P - the +3 warlock's mirror (worn) {reflect}
   (You found it on level 10 of the Dungeon)

   It can block and reflect piercing ranged attacks and magical attacks against
   the wielder's willpower.
 Q - the +2 helmet "Fenof" (worn) {rCorr Int+3 Dex+3}
   (You acquired it on level 1 of the Lair of Beasts)

   Int:       It affects your intelligence (+3).
   Dex:       It affects your dexterity (+3).
   rCorr:     It protects you from acid and corrosion.
 Y - a +1 cloak of stealth (worn)
Jewellery
 e - an amulet of the acrobat (around neck)
 y - an amulet of regeneration
 H - an amulet of magic regeneration
 M - a +6 ring of intelligence (left hand)
 O - a ring of wizardry
 U - a ring of protection from fire (right hand)
 V - a ring of positive energy
Wands
 k - a wand of polymorph (8)
 t - a wand of flame (28)
 z - a wand of roots (10)
 C - a wand of charming (15)
Scrolls
 a - 2 scrolls of enchant weapon
 o - 2 scrolls of blinking
 w - a scroll of enchant armour
 A - 4 scrolls of fog
 D - 3 scrolls of teleportation
 N - 2 scrolls of fear
 T - a scroll of amnesia
 W - a scroll of noise
 X - a scroll of magic mapping
Potions
 b - 2 potions of magic
 d - 7 potions of heal wounds
 g - 2 potions of degeneration
 l - 2 potions of haste
 n - 9 potions of curing
 p - a potion of attraction
 q - 4 potions of might
 s - 2 potions of invisibility
 u - 2 potions of brilliance
 B - 2 potions of lignification
 E - 2 potions of mutation
 F - a potion of ambrosia
 G - 3 potions of flight
 S - a potion of cancellation


   Skills:
 + Level 1.6 Armour
 - Level 1.5 Dodging
 - Level 2.1 Stealth
 - Level 4.0 Shields
 * Level 7.9 Spellcasting
 + Level 13.6 Conjurations
 - Level 2.2 Transmutations
 * Level 10.7 Fire Magic
 - Level 13.5 Earth Magic


You had 6 spell levels left.
You knew the following spells:

 Your Spells              Type           Power      Damage    Failure   Level
a - Sandblast             Erth           100%       2d20      1%          1
b - Passwall              Tmut/Erth      45%        N/A       1%          2
c - Stone Arrow           Conj/Erth      100%       3d13      1%          3
d - Sticky Flame          Conj/Fire      70%        2d8       1%          4
e - Iron Shot             Conj/Erth      37%        9d7       3%          6
f - Fireball              Conj/Fire      35%        3d15      1%          5

Your spell library contained the following spells:

 Spells                   Type           Power      Damage    Failure   Level
 Static Discharge         Conj/Air       50%        3-10/arc  1%          2
 Iskenderun's Battlesphe  Conj           74%        2d12      1%          5
 Beastly Appendage        Tmut           48%        N/A       2%          1
 Petrify                  Tmut/Erth      55%        N/A       2%          4
 Wereblood                Tmut           24%        N/A       3%          2
 Animate Armour           Summ/Erth      100%       N/A       3%          4
 Leda's Liquefaction      Hex/Erth       25%        N/A       3%          4
 Blink                    Tloc           22%        N/A       9%          2
 Spider Form              Tmut/Pois      17%        N/A       11%         3
 Call Canine Familiar     Summ           11%        N/A       19%         3
 Lesser Beckoning         Tloc           11%        N/A       19%         3
 Portal Projectile        Hex/Tloc       22%        N/A       19%         3
 Conjure Ball Lightning   Conj/Air       25%        3x3d7     50%         6
 Dispel Undead            Necr           11%        3d9       52%         4
 Summon Ice Beast         Ice/Summ       11%        N/A       52%         4
 Blade Hands              Tmut           12%        N/A       54%         5
 Manifold Assault         Tloc           11%        N/A       86%         5
 Summon Mana Viper        Hex/Summ       11%        N/A       86%         5
 Orb of Destruction       Conj           37%        9d11      19%         7
 Monstrous Menagerie      Summ           5%         N/A       100%        7


Dungeon Overview and Level Annotations

Branches:
Dungeon (10/15)            Temple (1/1) D:7            Lair (4/5) D:8
  Swamp (0/4) Lair:2       Spider (0/4) Lair:3          Orc (0/2) D:10
  Slime: Lair:4-5

Altars:
Ashenzari
Cheibriados
Dithmenos
Elyvilon
Fedhas
Gozag
Hepliaklqana
Kikubaaqudgha
Makhleb
Nemelex Xobeh
Okawaru
Qazlal
Ru
Sif Muna
Trog
Uskayaw
Vehumet
Wu Jian
Xom
Yredelemnul
Zin
The Shining One

Shops:
D:4 *   D:6 :*[

Portals:
Abyss: D:4

Annotations:
D:4 2 transporters, VinnieRosedale's ghost, amateur TrGl
D:8 2 transporters


Innate Abilities, Weirdness & Mutations

You are immune to sickness and miasma.
Your stone body is resilient. (AC +9)
You are immune to poison.
You resist negative energy. (rN+)
You are resistant to electric shocks. (rElec)
You are resistant to unholy torment.
You are immune to petrification.


Message History

The cane toad barely misses you. The yak attacks as you move away!
The yak completely misses you. The cane toad closely misses you.
The komodo dragon is distracted by your dazzling golden aura.
You block the cane toad's attack. The cane toad attacks as you move away!
The cane toad barely misses you.
The komodo dragon is no longer distracted by gold.
The yak is distracted by your dazzling golden aura.
The cane toad attacks as you move away! You block the cane toad's attack.
The komodo dragon hisses angrily.
The cane toad is distracted by your dazzling golden aura.
The komodo dragon is distracted by your dazzling golden aura.
The yak is no longer distracted by gold.
The cane toad is no longer distracted by gold.
The cane toad is distracted by your dazzling golden aura.
The yak is distracted by your dazzling golden aura.
The cane toad is no longer distracted by gold.
The komodo dragon is no longer distracted by gold.
The komodo dragon is distracted by your dazzling golden aura.
There is a stone staircase leading up, spattered with blood here.
The komodo dragon is no longer distracted by gold.
You climb upwards.
There is a stone staircase leading down here.
You start resting.
HP restored.
You start resting.
Magic restored.
You start waiting.
You start waiting.
Done waiting.
You climb downwards.
The cane toad stings you! The komodo dragon closely misses you.
The cane toad stings you! The komodo dragon bites you.
There is a stone staircase leading up, spattered with blood here.
Unknown command.
The cane toad stings you!
* * * LOW HITPOINT WARNING * * *
The komodo dragon bites you!!
You die...
Your body crumbles into a pile of gold.

P.#...... ♣. #.....>....# ♣.
#..........# . #.........###♣ ♣
.#### ###.........##P####
.....##P#..............#.
.........................
.........................
.......l@........Y.......
........F................
........#P........##.##...
#.....######........#.##...
##..... #.........#####..
........ ###......### #...
#.#......###.#.#......# ####..
..[..........###......####.#...
...............##.#.....###.#....


You could see a komodo dragon and a cane toad.

Vanquished Creatures
  Nessos (Lair:3)
  Erica (D:8)
  A catoblepas (Lair:2)
  2 death yaks (D:8)
  Nergalle (Lair:3)
  8 wizards (D:10)
  A necromancer (Lair:2)
  Maurice (D:9)
  3 black mambas
  Joseph (D:8)
  A torpor snail (Lair:1)
  5 cane toads
  3 komodo dragons
  2 rime drakes (Lair:2)
  3 polar bears (Lair:4)
  A slime creature (Lair:1)
  Sigmund (D:2)
  A wraith (D:10)
  A shadow (D:9)
  30 yaks
  4 basilisks
  4 wyverns
  A steam dragon (D:9)
  Menkaure (D:4)
  10 water moccasins
  A swamp drake (Lair:2)
  4 orc warriors
  An ice beast (D:8)
  A sky beast (D:7)
  A black bear (Lair:2)
  4 boggarts (Lair:4)
  An ogre (D:4)
  3 wolves
  3 centaurs
  Blork the orc (D:5)
  7 bullfrogs
  2 scorpions
  A necrophage (D:6)
  A gnoll sergeant (D:6)
  5 wights (D:7)
  19 killer bees
  3 howler monkeys (D:10)
  5 jellies
  3 hounds
  3 gnoll boudas
  2 orc priests
  Crazy Yiuf (D:4)
  7 iguanas
  Ijyb (D:5)
  8 orc wizards
  3 polar bear simulacra (Lair:2)
  2 yak simulacra (Lair:2)
  10 adders
  25 gnolls
  3 white imps
  An ufetubus (D:5)
  2 worms
  6 dart slugs
  78 orcs
  19 endoplasms
  3 giant cockroaches
  8 goblins
  12 hobgoblins
  7 jackals
  10 kobolds
  2 quokkas
  5 ball pythons
  2 bats
  6 frilled lizards
  6 rats
  6 river rat simulacra (Lair:2)
392 creatures vanquished.

Vanquished Creatures (others)
  23 fungi
  53 plants
76 creatures vanquished.

Grand Total: 468 creatures vanquished

Notes
Turn   | Place    | Note
-------+----------+-------------------------------------------
     0 | D:1      | bnorton916 the Gargoyle Earth Elementalist began the quest
                  | for the Orb.
     0 | D:1      | Reached XP level 1. HP: 10/10 MP: 3/3
   144 | D:1      | Reached skill level 1 in Transmutations
   469 | D:1      | Reached XP level 2. HP: 9/15 MP: 1/5
   930 | D:1      | Reached XP level 3. HP: 19/19 MP: 4/6
  1807 | D:2      | Learned a level 2 spell: Passwall
  1813 | D:2      | Reached XP level 4. HP: 24/24 MP: 4/8
  1967 | D:2      | Learned a level 3 spell: Stone Arrow
  2309 | D:2      | Found a faded altar of an unknown god.
  2356 | D:2      | Noticed Sigmund
  2402 | D:3      | Reached XP level 5. HP: 28/28 MP: 3/9
  2906 | D:3      | Reached skill level 5 in Earth Magic
  3021 | D:3      | Found an iron altar of Okawaru.
  3129 | D:3      | Learned a level 4 spell: Sticky Flame
  3178 | D:3      | Found a hide-covered altar of Uskayaw.
  3183 | D:3      | Found a glowing silver altar of Zin.
  3183 | D:3      | Found a shadowy altar of Dithmenos.
  3184 | D:3      | Found an ancient bone altar of Kikubaaqudgha.
  3724 | D:2      | Killed Sigmund
  3725 | D:2      | Reached skill level 1 in Conjurations
  3725 | D:2      | Reached skill level 1 in Fire Magic
  3725 | D:2      | Reached XP level 6. HP: 28/32 MP: 5/11
  3962 | D:4      | Found Seshael's General Store.
  3988 | D:4      | Noticed a toenail golem
  3990 | D:4      | Found a transporter.
  4041 | D:4      | Found a one-way gate to the infinite horrors of the Abyss.
  4041 | D:4      | Noticed VinnieRosedale's ghost (amateur TrGl)
  4050 | D:4      | Found a transporter.
  4191 | D:4      | Reached XP level 7. HP: 36/36 MP: 8/12
  4408 | D:4      | Noticed Menkaure
  4423 | D:4      | Killed Menkaure
  4771 | D:4      | Found a hazy altar of Hepliaklqana.
  4774 | D:4      | Found a shimmering altar of Xom.
  4775 | D:4      | Noticed a spectral ugly thing
  4844 | D:4      | Found a runed translucent door.
  4845 | D:4      | Noticed Crazy Yiuf
  4955 | D:4      | Killed Crazy Yiuf
  5001 | D:5      | Entered Level 5 of the Dungeon
  5011 | D:5      | Noticed Ijyb
  5375 | D:5      | Killed Ijyb
  5659 | D:5      | Reached XP level 8. HP: 41/41 MP: 11/14
  5662 | D:5      | Noticed Blork the orc
  6516 | D:5      | Killed Blork the orc
  6848 | D:6      | Reached skill level 5 in Spellcasting
  7424 | D:6      | Found Huolla Elent's General Store.
  7481 | D:6      | Found Inuwismi's Antique Armour Shoppe.
  7584 | D:6      | Found a burning altar of Makhleb.
  8992 | D:6      | Reached skill level 5 in Conjurations
  9231 | D:6      | Reached XP level 9. HP: 45/45 MP: 13/17
  9234 | D:6      | Found Veime's Book Shoppe.
  9775 | D:7      | Reached skill level 5 in Fire Magic
 11619 | D:7      | Found a blossoming altar of Fedhas.
 11793 | D:7      | Found a white marble altar of Elyvilon.
 11852 | D:7      | Found a staircase to the Ecumenical Temple.
 11862 | Temple   | Entered the Ecumenical Temple
 13357 | D:8      | Noticed Joseph
 13387 | D:8      | Killed Joseph
 13388 | D:8      | Reached XP level 10. HP: 35/50 MP: 8/19
 13763 | D:8      | Found a staircase to the Lair.
 14024 | D:8      | Found a transporter.
 14028 | D:8      | Noticed a two-headed ogre
 14097 | D:8      | Noticed Erica
 14110 | D:8      | Killed Erica
 14796 | D:9      | Reached skill level 10 in Earth Magic
 15212 | D:9      | Noticed Maurice
 16285 | D:9      | Learned a level 6 spell: Iron Shot
 16457 | D:9      | Found an opulent altar of Gozag.
 16472 | D:9      | Became a worshipper of Gozag Ym Sagoz the Greedy
 16540 | D:9      | Identified the +7 hand axe "Anutwer" {venom, rPois rN+
                  | Str-5}
 16554 | D:9      | Killed Maurice
 17205 | D:9      | Reached XP level 11. HP: 35/54 MP: 7/20
 18311 | D:10     | Entered Level 10 of the Dungeon
 18318 | D:10     | Reached skill level 10 in Conjurations
 19126 | D:10     | Found a staircase to the Orcish Mines.
 20343 | D:10     | Noticed a wizard
 20347 | D:10     | Noticed a wizard
 20348 | D:10     | Killed a wizard
 20362 | D:10     | Killed a wizard
 20506 | D:10     | Noticed a wizard
 20508 | D:10     | Killed a wizard
 20513 | D:10     | Noticed a wizard
 20518 | D:10     | Killed a wizard
 20769 | D:10     | Found the +3 warlock's mirror {reflect}
 20784 | D:10     | Noticed a wizard
 20787 | D:10     | Killed a wizard
 20828 | D:10     | Noticed a wizard
 20849 | D:10     | Killed a wizard
 20850 | D:10     | Reached skill level 1 in Shields
 21094 | D:10     | Noticed a wizard
 21101 | D:10     | Killed a wizard
 21201 | D:10     | Noticed a wizard
 21205 | D:10     | Killed a wizard
 22030 | D:4      | Bought a scroll of fog for 52 gold pieces
 22030 | D:4      | Bought a scroll of teleportation for 39 gold pieces
 22083 | D:6      | Bought a book of the Spheres for 756 gold pieces
 22089 | D:6      | Learned a level 5 spell: Fireball
 22118 | D:8      | Found a transporter.
 22139 | Lair:1   | Entered Level 1 of the Lair of Beasts
 22490 | Lair:1   | Reached XP level 12. HP: 59/59 MP: 8/21
 22628 | Lair:1   | Noticed a death yak
 22637 | Lair:1   | Noticed a death yak
 22646 | Lair:1   | Identified the +6 great sword of Psychosis {speed, Will+
                  | Stlth+}
 22889 | Lair:1   | Identified a scroll of acquirement
 22905 | Lair:1   | Acquired the +2 helmet "Fenof" {rCorr Int+3 Dex+3}
 23696 | D:8      | Killed a death yak
 23885 | D:8      | Killed a death yak
 24514 | Lair:2   | Found a staircase to the Swamp.
 26993 | Lair:3   | Noticed Nergalle
 27348 | Lair:3   | Noticed a catoblepas
 27519 | Lair:2   | Killed a catoblepas
 27983 | Lair:3   | Reached skill level 10 in Fire Magic
 28150 | Lair:3   | Killed Nergalle
 29043 | Lair:3   | Found a hole to the Spider Nest.
 29056 | Lair:3   | Noticed Nessos
 29064 | Lair:3   | Killed Nessos
 29065 | Lair:3   | Reached XP level 13. HP: 55/63 MP: 12/24
 29837 | D:6      | Bought an embroidered cloak for 195 gold pieces
 30324 | Lair:4   | Reached skill level 1 in Armour
 31104 | Lair:4   | Slain by a komodo dragon

Illustrated notes

Levels and vault maps discovered:
D:1:      dpeg_arrival_simpleton_c, layout_loops_ring, kennysheep_pointless_box,
          serial_bayou_lagoon_a
D:2:      layout_loops_ring, hellmonk_ecumenical_altar_crossroads, hex_large,
          uniq_sigmund
D:3:      layout_basic, okawaru_ov_weapons_minmay, grunt_temple_overflow_open,
          serial_forest, infiniplex_forest_end_2, infiniplex_forest_lined_ring,
          infiniplex_forest_clump_tiny, infiniplex_forest_straight_1,
          infiniplex_forest_clump_large, infiniplex_forest_corner_1,
          amcnicky_mini_rare_corridor_liquid
D:4:      layout_loops_ring, regret_index_temple_of_mockery,
          gammafunk_ghost_abyssal_escape, serial_shops, shop,
          uniq_crazy_yiuf_cottage, uniq_menkaure
D:5:      layout_cave_pools, uniq_blork_the_orc, uniq_ijyb
D:6:      layout_cave_pools, mainiacjoe_overflow_surrounded_room,
          serial_gnoll_camp, gnoll_camp_mini_shop, gnoll_camp_mini_shop,
          gnoll_camp_mini_shop, gnoll_camp_medium_02, dreamdust_wishing_well
D:7:      layout_basic, fedhas_altar_2, elyvilon_altar_5,
          minmay_temple_entry_glassed_door
D:8:      gammafunk_beogh_shrine, layout_basic, dpeg_oklobed_lair, sigmund_army,
          uniq_erica, uniq_joseph
D:9:      layout_basic, mainiacjoe_overflow_brackets, uniq_maurice
D:10:     minmay_smoke_and_mirrors, layout_cave_pods, hiddenorc2_lemuel,
          serial_shops, kennysheep_mini, minmay_misc_feat_encased,
          minmay_misc_feat_roman
Temple:   nicolae_temple_ecumenical_triangle
Lair:1:   lemuel_slime, layout_misc_corridors
Lair:2:   layout_chaotic_city, minmay_swamp_entry_reptiles, st_stairs_7,
          eino_house_with_fridge, serial_bayou_shore_b, lemuel_fruit_fields,
          grunt_megastairs_1, infiniplex_staircase_pool
Lair:3:   layout_misc_corridors, spider_nest_entry_web_field,
          chequers_serial_rivers_marsh, grunt_forest_small_clearings,
          lemuel_fruit_tree, uniq_nergalle, uniq_nessos
Lair:4:   layout_hall_layers, kilobyte_rumbling_trees

Skill      XL: |  1  2  3  4  5  6  7  8  9 10 11 12 13 |
---------------+----------------------------------------+-----
Transmutations | 1 2 |  2.2
Earth Magic    | 4 5 6 7 9 11 13 | 13.5
Spellcasting   | 3 4 5 6 7 |  7.9
Conjurations   | 1 2 3 5 7 9 11 13 | 13.6
Fire Magic     | 1 2 3 4 6 7 10 | 10.7
Shields        | 3 4 |  4.0
Armour         | 1 |  1.6
Dodging        | |  1.5
Stealth        | |  2.1

Action                   |  1- 3 |  4- 6 |  7- 9 | 10-12 | 13-15 || total
-------------------------+-------+-------+-------+-------+-------++-------
Melee: Unarmed           |     1 |       |       |       |       ||     1
       Dagger            |     2 |       |       |       |       ||     2
       Whip              |       |     8 |    17 |    75 |     1 ||   101
Throw: Javelin           |     2 |     6 |     9 |       |       ||    17
       Throwing net      |       |       |     1 |       |       ||     1
       Boomerang         |       |       |     5 |    11 |     1 ||    17
 Cast: Sandblast         |    46 |    71 |   101 |    74 |     2 ||   294
       Stone Arrow       |       |       |    99 |   212 |    17 ||   328
       Sticky Flame      |       |       |     1 |    26 |     1 ||    28
       Iron Shot         |       |       |       |     2 |       ||     2
       Fireball          |       |       |       |    23 |     8 ||    31
Evoke: Wand              |       |       |     3 |       |       ||     3
  Use: Scroll            |     1 |       |    17 |    11 |     1 ||    30
       Potion            |       |       |       |     3 |       ||     3
Armor: Robe              |     3 |    12 |    66 |   110 |     2 ||   193
Dodge: Dodged            |    14 |    25 |   116 |   166 |    14 ||   335
Block: Buckler           |       |       |       |    37 |     9 ||    46
       Reflection        |       |       |       |     6 |       ||     6
